 Dungeon Crawl Stone Soup version 0.29.1-1-gd02db6906a (webtiles) character file.

Game seed: 9774607115276506794

4 Sabo the Sneak (level 1, 9/9 HPs)
             Began as a Spriggan Air Elementalist on Sept 24, 2022.
             Was a Follower of Kikubaaqudgha.
             Got out of the dungeon alive.
             The game lasted 00:03:58 (773 turns).

Sabo the Sneak (Spriggan Air Elementalist)           Turns: 773, Time: 00:03:59

Health: 9/9        AC:  2    Str:  4    XL:     1   Next: 58%
Magic:  5/5        EV: 17    Int: 16    God:    Kikubaaqudgha [*.....]
Gold:   67         SH:  0    Dex: 15    Spells: 4/5 levels left

rFire   . . .      SeeInvis +   d - +0 whip
rCold   . . .      Faith    .   (no shield)
rNeg    . . .      Spirit   .   a - +0 robe
rPois   .          Reflect  .   (helmet restricted)
rElec   .          Harm     .   (no cloak)
rCorr   .          Rampage  .   (gloves unavailable)
Will    .....                   (boots unavailable)
Stlth   ++........              (no amulet)
HPRegen 0.03/turn               (no ring)
MPRegen 0.09/turn               (no ring)

@: very quick
A: very small, no large weapons, unfitting armour, see invisible, speed 3
a: Renounce Religion, Unearth Wretches


You escaped.
You worshipped Kikubaaqudgha.
Kikubaaqudgha was aware of your devotion.
You visited 1 branch of the dungeon, and saw 1 of its levels.

You collected 67 gold pieces.

Inventory:

Hand Weapons
 d - a +0 whip (weapon)
Armour
 a - a +0 robe (worn)
Scrolls
 c - a scroll of vulnerability {unknown}
 g - 2 scrolls of identify {unknown}
 i - a scroll of butterflies {unknown}
 j - a scroll of brand weapon {unknown}
Potions
 b - a potion of magic
 e - a potion of lignification {unknown}
 f - a potion of curing {unknown}
 h - a potion of cancellation {unknown}
 k - a potion of degeneration {unknown}


   Skills:
 + Level 2.6 Dodging
 + Level 3.2 Stealth
 + Level 2.8 Spellcasting
 + Level 0.6 Conjurations
 + Level 2.8 Air Magic


You had 4 spell levels left.
You knew the following spells:

 Your Spells              Type           Power      Damage    Failure   Level
a - Shock                 Conj/Air       28%        1d4       10%         1

Your spell library contained the following spells:

 Spells                   Type           Power      Damage    Failure   Level
 Static Discharge         Conj/Air       7%         3-4/arc   14%         2
 Necrotise                Necr           8%         1d4       19%         1
 Swiftness                Air            11%        N/A       19%         3
 Vampiric Draining        Necr           2%         2d6       50%         3
 Airstrike                Air            5%         2d(1-17)  52%         4
 Anguish                  Hex/Necr       1%         N/A       88%         4
 Animate Dead             Necr           2%         N/A       88%         4


Dungeon Overview and Level Annotations

Branches:
Dungeon (1/15)

Altars:
Kikubaaqudgha


Innate Abilities, Weirdness & Mutations

You are very small and have problems with some larger weapons.
You are too small for most types of armour.
You have supernaturally acute eyesight. (SInv)
You cover ground extremely quickly. (Speed+++)


Message History

Aim: a ball python (asleep, 100% to hit)
The zap hits the ball python.
The ball python is severely wounded.
The ball python hisses angrily.
The ball python closely misses you. The ball python misses you.
You hit the ball python.
You kill the ball python!
You see here a ball python corpse.
You start resting.
Magic restored.
You open the door.
There is an open door here.
You open the door.
There is an open door here.
There is an open door here.
You open the door.
Found a scroll labelled WUARAZ QEPPUT SYT.
Found a stone staircase leading down.
There is an open door here.
There is a stone staircase leading down here.
There is a stone staircase leading down here.
j - a scroll labelled WUARAZ QEPPUT SYT
There is a stone staircase leading down here.
Found a faded altar of an unknown god.
There is a faded altar of an unknown god here.
You cannot tell which god this altar belongs to.
Convert to them anyway?
Kikubaaqudgha accepts your prayer! Kikubaaqudgha welcomes you!
You can now bring forth the wretched and dying.
Kikubaaqudgha grants you a gift!
You add the spells Necrotise, Vampiric Draining, Anguish and Animate Dead to your library.
There is a stone staircase leading down here.
There is an open door here.
You open the door.
There is an open door here.
Found a glowing puce potion.
k - a glowing puce potion
There is a staircase leading out of the dungeon here.
Are you sure you want to leave the Dungeon?
This will make you lose the game!
You have escaped!

###.......##..#
##..........##.#
##..###....#....#
#..## ##.....##..
##.## #....###.#
#..# ##....###.#
#.## #......##.#
#.### ##...#...#.#
#@..###...##.#.#.#
##.......###...#.#
######...###
##.##..
#####...######
##.##.#
#...'.....#
####..##.#
#.###...#.#
#......#.# #.#
#####.# #......+..
#.#
#.#####......#..
#.#
#.....'......'..


There were no monsters in sight!

Vanquished Creatures
  2 ball pythons (D:1)
  A bat (D:1)
  An endoplasm (D:1)
4 creatures vanquished.

Notes
Turn   | Place    | Note
-------+----------+-------------------------------------------
     0 | D:1      | Sabo the Spriggan Air Elementalist began the quest for the
                  | Orb.
     0 | D:1      | Reached XP level 1. HP: 9/9 MP: 5/5
   670 | D:1      | Found a faded altar of an unknown god.
   676 | D:1      | Prayed at the altar of an unknown god.
   676 | D:1      | Became a worshipper of Kikubaaqudgha
   676 | D:1      | Reached * piety under Kikubaaqudgha
   676 | D:1      | Received a gift from Kikubaaqudgha
   773 | D:$      | Got out of the dungeon alive.

Illustrated notes

Levels and vault maps discovered:
D:1:      dpeg_arrival_round_b, layout_basic, shapermc_ecumenical_altar_petra,
          dk_noncrumbling_4

Action                   || total
-------------------------++-------
Melee: Whip              ||     1
 Cast: Shock             ||     5
Dodge: Dodged            ||     2
